[Event "Late-Titled-Tuesday-Blitz-October-17-2023"]
[Site "Chess.com"]
[Date "2023.10.17"]
[Round "9"]
[White "icy"]
[Black "kiwibobo"]
[Result "1-0"]
[WhiteElo "2403"]
[BlackElo "2297"]
[TimeControl "180+1"]
[EndTime "15:38:31 PDT"]
[Termination "icy won by resignation"]

1. Nf3 Nf6 2. g3 g6 3. Bg2 Bg7 4. O-O O-O 5. d4 d5 6. c4 c6 7. cxd5 cxd5 8. Ne5 Bf5 9. Nc3 Ne4 10. Bf4 Nxc3 11.
bxc3 Nc6 12. Nxc6 bxc6 13. Qd2 Qb6 14. a4 e6 15. Bd6 Rfe8 16. Bc5 Qb3 17. Ra3 Qc4 18.
Re1 e5 19. e3 exd4 20. cxd4 a5 21. g4 Bxg4 22. Bf1 Qxf1+ 23. Rxf1 Bf3 24. Rb1 Re4 25. h3 Rh4 26. Kh2 Bg4 27. Kg3 Bf5 28. Kxh4 Bxb1 29.
Rb3 Be4 30. Bd6 Bf6+ 31. Kg3 Kg7 32. Rb8 Ra7 33. Bf8+ Kg8 34. Bh6+ 1-0

[Event "Late-Titled-Tuesday-Blitz-October-17-2023"]
[Site "Chess.com"]
[Date "2023.10.17"]
[Round "9"]
[White "Maksimus1998"]
[Black "mind1mover"]
[Result "0-1"]
[WhiteElo "2618"]
[BlackElo "2866"]
[TimeControl "180+1"]
[EndTime "15:38:55 PDT"]
[Termination "mind1mover won by resignation"]

1. d4 d6 2. Nf3 Nf6 3. Bf4 Nc6 4.
h3 g6 5. e3 Bg7 6. Be2 O-O 7.
Bh2 Nd7 8. O-O e5 9. c4 exd4 10. exd4 Qf6 11. d5 Nd4 12. Nxd4 Qxd4 13. Nc3 Qxd1 14.
Nxd1 Nc5 15. Rc1 Re8 16. Bf3 Bf5 17. b3 Bd3 18. Ne3 Bxf1 19. Kxf1 a5 20. Ke2 f5 21. Kd2 Ne4+ 22. Bxe4 Rxe4 23. f3 Re7 24. Bf4 Bd4 25. Nc2 Bc5 26. Re1 Bb4+ 27. Nxb4 Rxe1 0-1

[Event "Late-Titled-Tuesday-Blitz-October-17-2023"]
[Site "Chess.com"]
[Date "2023.10.17"]
[Round "9"]
[White "Mikhal867"]
[Black "miraitrunks"]
[Result "1-0"]
[WhiteElo "2418"]
[BlackElo "2205"]
[TimeControl "180+1"]
[EndTime "15:39:02 PDT"]
[Termination "Mikhal867 won by resignation"]

1. e4 c5 2. Nf3 Nc6 3. d4 cxd4 4. Nxd4 e5 5. Nb5 a6 6. Nd6+ Bxd6 7. Qxd6 Qf6 8. Qxf6 Nxf6 9. Nc3 O-O 10. Bg5 Nd4 11.
O-O-O d6 12. Bxf6 gxf6 13. Nd5 Be6 14. Nxf6+ Kg7 15. Nd5 Bxd5 16. exd5 Rac8 17. c3 Rc5 18. Kb1 Nf5 19. h4 Ne7 20. Rh3 Rfc8 21. Rhd3 f5 22.
g3 e4 23. Rd4 Kf6 24. Be2 Ke5 25. f4+ Kf6 26. g4 Ng6 27. gxf5 Kxf5 28. Rg1 Nxf4 29. Bg4+ Ke5 30. Bxc8 Rxc8 31. Rg5+ Kf6 32. Rxe4 Nd3 33.
Re6+ Kf7 34. Rxd6 1-0

[Event "Late-Titled-Tuesday-Blitz-October-17-2023"]
[Site "Chess.com"]
[Date "2023.10.17"]
[Round "9"]
[White "scandalgod"]
[Black "ValeriyGrinev"]
[Result "0-1"]
[WhiteElo "2492"]
[BlackElo "2602"]
[TimeControl "180+1"]
[EndTime "15:39:15 PDT"]
[Termination "ValeriyGrinev won by resignation"]

1. d4 d5 2. c4 e6 3. Nf3 Nf6 4. g3 Be7 5. Bg2 O-O 6. O-O dxc4 7. Ne5 Nc6 8. Nxc6 bxc6 9. Na3 Bxa3 10. bxa3 Ba6 11. a4 Rb8 12. Ba3 Re8 13. Bxc6 Nd5 14.
Qc2 Nb4 15. Bxb4 Rxb4 16. Qc3 Rb6 17. Bf3 Qd6 18. Rfd1 Qb4 19. Qc2 Rd8 20. e3 Qb2 21. Rac1 Qxc2 22. Rxc2 Rb4 23. Bc6 Kf8 24. Rdc1 Rdb8 25.
Kg2 Ke7 26. Kf3 Kd6 27. Bb5 Bxb5 28. axb5 Kd5 29. a3 Ra4 30. Rb1 Rxa3 31. Rb4 c3 32.
e4+ Kd6 33. Rc4 Rxb5 34. Kf4 Rb2 35. Rxb2 cxb2 36. Rb4 Ra2 37. f3 a5 38. Rb8 a4 0-1

[Event "Late-Titled-Tuesday-Blitz-October-17-2023"]
[Site "Chess.com"]
[Date "2023.10.17"]
[Round "9"]
[White "rasmussvane"]
[Black "frederiksvane"]
[Result "0-1"]
[WhiteElo "2957"]
[BlackElo "2890"]
[TimeControl "180+1"]
[EndTime "15:39:21 PDT"]
[Termination "frederiksvane won by resignation"]

1. Nf3 d5 2. d4 e6 3. Bf4 c5 4. e3 Nc6 5. c3 f6 6. h4 Bd6 7. Bb5 Ne7 8. Nbd2 O-O 9. Bxd6 Qxd6 10. Qe2 e5 11. dxe5 fxe5 12. e4 d4 13. cxd4 exd4 14. e5 Qg6 15. Ne4 Qxg2 16. Rg1 Qxf3 17. Nf6+ Rxf6 18.
exf6 Qxf6 19. Bxc6 Nxc6 20. O-O-O Bf5 21. Qc4+ Qf7 22.
Qxc5 Rc8 23. Qf8+ 0-1

[Event "Late-Titled-Tuesday-Blitz-October-17-2023"]
[Site "Chess.com"]
[Date "2023.10.17"]
[Round "9"]
[White "Real_taiatai"]
[Black "TanitoluwaAps116"]
[Result "0-1"]
[WhiteElo "2441"]
[BlackElo "2615"]
[TimeControl "180+1"]
[EndTime "15:39:23 PDT"]
[Termination "TanitoluwaAps116 won by checkmate"]

1. d4 f6 2. e4 e6 3. Nc3 d5 4. Nf3 Bb4 5. e5 fxe5 6. Nxe5 Nf6 7. Bg5 O-O 8. Bd3 c5 9. a3 Ba5 10. O-O cxd4 11. Nb5 Nc6 12. Nxc6 bxc6 13. Nxd4 Bc7 14. Re1 Qd6 15. f4 h6 16. Bxf6 Qxf4 17. Nf3 Qxf6 18.
Qe2 Qxb2 19. Nh4 Qd4+ 20. Kh1 Qxh4 21. Rf1 Qxh2# 0-1

[Event "Late-Titled-Tuesday-Blitz-October-17-2023"]
[Site "Chess.com"]
[Date "2023.10.17"]
[Round "9"]
[White "giomar27"]
[Black "topin8"]
[Result "1-0"]
[WhiteElo "2358"]
[BlackElo "2463"]
[TimeControl "180+1"]
[EndTime "15:39:23 PDT"]
[Termination "giomar27 won on time"]

1. a3 e6 2. Nf3 d5 3. c4 Nf6 4.
g3 Be7 5. Bg2 O-O 6. O-O Nbd7 7.
Nc3 c6 8. b3 Re8 9. Bb2 Nf8 10.
d3 Ng6 11. e4 d4 12. Ne2 e5 13. Nd2 c5 14. h3 Bd7 15. f4 exf4 16. gxf4 Nh4 17.
Qe1 Nxg2 18. Kxg2 Nh5 19. Kh2 Bh4 20. Qd1 Qc7 21. e5 f6 22. Nxd4 cxd4 23. Qxh5 g5 24. Ne4 Rf8 25. Nxf6+ Rxf6 26. exf6 Be8 27. Qg4 Bf7 28.
Rg1 Re8 29. Rg2 Qd6 30. Qxh4 1-0

[Event "Late-Titled-Tuesday-Blitz-October-17-2023"]
[Site "Chess.com"]
[Date "2023.10.17"]
[Round "9"]
[White "BardArtem"]
[Black "borocotoajua"]
[Result "1-0"]
[WhiteElo "2764"]
[BlackElo "2573"]
[TimeControl "180+1"]
[EndTime "15:39:29 PDT"]
[Termination "BardArtem won by resignation"]

1. e4 c6 2. d4 d5 3. exd5 cxd5 4.
Bd3 Nc6 5. c3 Nf6 6. h3 e5 7.
dxe5 Nxe5 8. Nf3 Nxd3+ 9. Qxd3 Bd6 10. O-O O-O 11. Bg5 h6 12. Bh4 Re8 13. Nbd2 Be6 14. Rfe1 Rc8 15. Nd4 Bc5 16. N2f3 Bd7 17. Rxe8+ Bxe8 18. Re1 g5 19. Nxg5 hxg5 20. Bxg5 Bd7 21. Qg3 Nh5 22.
Qh4 Qb6 23. Qxh5 Bxd4 24. cxd4 Qxd4 25. Re7 Be6 26. Rxe6 fxe6 27. Qg6+ Kf8 28. Qxe6 Rc6 29. Bh6+ 1-0

[Event "Late-Titled-Tuesday-Blitz-October-17-2023"]
[Site "Chess.com"]
[Date "2023.10.17"]
[Round "9"]
[White "NotFischer"]
[Black "UK_23"]
[Result "0-1"]
[WhiteElo "2254"]
[BlackElo "2395"]
[TimeControl "180+1"]
[EndTime "15:39:33 PDT"]
[Termination "UK_23 won by resignation"]

1. b4 e5 2. Bb2 Bxb4 3. Bxe5 Nf6 4. e3 d5 5. c3 Be7 6. Bxf6 Bxf6 7. d4 O-O 8. Bd3 c5 9. Ne2 Nc6 10. O-O Bg4 11. Qc2 Bxe2 12. Bxe2 Rc8 13. Qa4 a6 14. Na3 Re8 15. Bf3 Qd6 16. dxc5 Qxc5 17. Rfd1 b5 18. Qb3 Qxc3 19. Bxd5 Qxb3 20. axb3 Bxa1 21. Rxa1 Nb4 22. Bf3 Red8 23. h3 g6 24. g4 Rd2 25. Nb1 Rc1+ 26. Kg2 Rb2 0-1

[Event "Late-Titled-Tuesday-Blitz-October-17-2023"]
[Site "Chess.com"]
[Date "2023.10.17"]
[Round "9"]
[White "AlexNovitz"]
[Black "YouShallNotPass001"]
[Result "0-1"]
[WhiteElo "2234"]
[BlackElo "2407"]
[TimeControl "180+1"]
[EndTime "15:39:39 PDT"]
[Termination "YouShallNotPass001 won by resignation"]

1. e4 c5 2. Nf3 Nc6 3. d4 cxd4 4. Nxd4 g6 5. c4 Bg7 6. Be3 Nf6 7. Nc3 Ng4 8. Nxc6 Nxe3 9. Nxd8 Nxd1 10. Nxd1 Kxd8 11. Rc1 b6 12. Bd3 Bb7 13. O-O Rc8 14. b3 e6 15.
Ne3 Ke7 16. f4 Bd4 17. Rce1 b5 18. h3 b4 19. Kh2 a5 20. Nc2 Bc3 21. Re2 a4 22. f5 axb3 23. axb3 f6 24. fxg6 hxg6 25. Ne3 g5 26. Ng4 Ra8 27. Rd1 Ra3 28. Bc2 Ra2 29. e5 f5 30. Nf6 Bc6 31. Bd3 Rxe2 32.
Bxe2 Bxe5+ 0-1

[Event "Late-Titled-Tuesday-Blitz-October-17-2023"]
[Site "Chess.com"]
[Date "2023.10.17"]
[Round "9"]
[White "Nekoo04"]
[Black "Schwindle"]
[Result "1-0"]
[WhiteElo "2273"]
[BlackElo "2379"]
[TimeControl "180+1"]
[EndTime "15:39:40 PDT"]
[Termination "Nekoo04 won by resignation"]

1. d4 Nf6 2. c4 e6 3. g3 c5 4. Nf3 cxd4 5. Nxd4 Nc6 6. Bg2 Bb4+ 7. Nc3 O-O 8. O-O Bxc3 9. bxc3 d5 10. Bg5 Nxd4 11. cxd4 dxc4 12. Rb1 h6 13. Bxf6 Qxf6 14. Bxb7 Bxb7 15. Rxb7 Rfc8 16. e3 c3 17. Qc2 e5 18.
Rd1 exd4 19. Rxd4 Rc6 20. Rdd7 Qg6 21. Qxg6 fxg6 22. Rxg7+ Kf8 23. Rbf7+ Ke8 24. Rc7 Rxc7 25. Rxc7 Rb8 26. Rxc3 Rb1+ 27. Kg2 Rb2 28. Ra3 1-0

[Event "Late-Titled-Tuesday-Blitz-October-17-2023"]
[Site "Chess.com"]
[Date "2023.10.17"]
[Round "9"]
[White "ozates"]
[Black "luizzy"]
[Result "1-0"]
[WhiteElo "2717"]
[BlackElo "2567"]
[TimeControl "180+1"]
[EndTime "15:39:42 PDT"]
[Termination "ozates won on time"]

1. e4 e6 2. d4 d5 3. Nd2 c5 4. exd5 Qxd5 5. dxc5 Bxc5 6. Ngf3 Nc6 7. Bc4 Qh5 8. O-O Nf6 9. a3 O-O 10. b4 Be7 11.
Bb2 Rd8 12. Qe2 b6 13. Rad1 Bb7 14. h3 Rac8 15. Rfe1 Nd5 16. Ne4 Nf4 17. Qe3 Rxd1 18. Rxd1 Nxb4 19. Qxf4 Rxc4 20. Nf6+ gxf6 21. Qxc4 Bxf3 22.
gxf3 Qxf3 23. Rd7 Nd5 24. Qg4+ Qxg4+ 25. hxg4 Kf8 26. Rxa7 Bc5 27. c4 Nf4 28. Bxf6 1-0

[Event "Late-Titled-Tuesday-Blitz-October-17-2023"]
[Site "Chess.com"]
[Date "2023.10.17"]
[Round "9"]
[White "balachess2006"]
[Black "Laico"]
[Result "1-0"]
[WhiteElo "2589"]
[BlackElo "2426"]
[TimeControl "180+1"]
[EndTime "15:39:45 PDT"]
[Termination "balachess2006 won on time"]

1. Nf3 e6 2. c4 f5 3. g3 b6 4. Bg2 Bb7 5. O-O Nf6 6. d4 Be7 7. d5 Bd6 8. Nd4 Bc5 9. dxe6 Bxg2 10.
Kxg2 Bxd4 11. Qxd4 dxe6 12. Qxd8+ Kxd8 13. Nc3 Nbd7 14.
Bf4 e5 15. Bg5 c6 16. Rad1 Ke7 17. e4 fxe4 18. Nxe4 h6 19. Bxf6+ Nxf6 20. Nc3 Kf7 21. Rd6 Rac8 22. Re1 Rhe8 23. f3 Rc7 24. b3 Ke7 25. Rdd1 Kf7 26. Ne4 Nxe4 27. Rxe4 Ree7 28. Kf2 Kf6 29.
Rd6+ Re6 30. Rxe6+ Kxe6 31. f4 Kd6 32. Rxe5 Rf7 33. Ke3 a6 34. Ke4 b5 35. c5+ Kd7 36.
f5 Rf6 37. g4 g6 38. b4 gxf5+ 39. gxf5 Rf8 40. Re6 Rg8 41. Rxh6 Rg4+ 42. Ke5 Rxb4 43. Rh7+ Kd8 44. Kd6 Rf4 45. Kxc6 Rxf5 46. Kb6 b4 47. c6 Rb5+ 48. Kxa6 Rb7 49. cxb7 1-0

[Event "Late-Titled-Tuesday-Blitz-October-17-2023"]
[Site "Chess.com"]
[Date "2023.10.17"]
[Round "9"]
[White "The_Princess_Moon"]
[Black "familijatop71"]
[Result "1-0"]
[WhiteElo "2346"]
[BlackElo "2136"]
[TimeControl "180+1"]
[EndTime "15:39:46 PDT"]
[Termination "The_Princess_Moon won by checkmate"]

1. e4 c5 2. Nf3 d6 3. c3 Nf6 4. h3 Nc6 5. Bd3 g6 6. Bc2 Bg7 7. O-O O-O 8. Re1 Bd7 9. d4 cxd4 10. cxd4 Rc8 11. Nc3 e5 12. d5 Nd4 13. Ba4 Nxf3+ 14. Qxf3 Rxc3 15. Qxc3 Bxa4 16. Be3 a6 17. Qb4 Qd7 18.
Rac1 Bb5 19. Bb6 Rc8 20. Rxc8+ Qxc8 21. Qxd6 Nd7 22. Qc7 Qxc7 23. Bxc7 Kf8 24. Bd6+ Ke8 25. b3 Nb6 26. a4 Bd3 27. Re3 Bc2 28. a5 Nd7 29. Rc3 Bxe4 30. Rc8# 1-0

[Event "Late-Titled-Tuesday-Blitz-October-17-2023"]
[Site "Chess.com"]
[Date "2023.10.17"]
[Round "9"]
[White "Joshukid"]
[Black "TigrVShlyape"]
[Result "0-1"]
[WhiteElo "2581"]
[BlackElo "2817"]
[TimeControl "180+1"]
[EndTime "15:39:51 PDT"]
[Termination "TigrVShlyape won by resignation"]

1. Nf3 Nf6 2. c4 g6 3. b3 Bg7 4. Bb2 d6 5. d4 O-O 6. g3 Nbd7 7. Bg2 c6 8. O-O Qc7 9. Nc3 a6 10. e4 e5 11. Re1 Re8 12. Qc2 b5 13. cxb5 cxb5 14.
Rac1 Bb7 15. dxe5 dxe5 16. Qe2 Qb6 17. Red1 Rad8 18. Nd5 Nxd5 19. exd5 e4 20. Nd4 Bxd5 21. Nf5 gxf5 22. Bxg7 Kxg7 23. Rxd5 Ne5 24. Rcd1 Rxd5 25. Rxd5 Qf6 26. h3 Rd8 27. Rxd8 Qxd8 28. Kh2 Qd4 29. Kg1 b4 30. Kh2 Nd3 31. f3 e3 32. f4 Nc1 33.
Qe1 e2 34. Qxc1 Qc3 0-1

[Event "Late-Titled-Tuesday-Blitz-October-17-2023"]
[Site "Chess.com"]
[Date "2023.10.17"]
[Round "9"]
[White "Eloist"]
[Black "DryCounty"]
[Result "0-1"]
[WhiteElo "2458"]
[BlackElo "2674"]
[TimeControl "180+1"]
[EndTime "15:39:52 PDT"]
[Termination "DryCounty won on time"]

1. e4 c5 2. Nf3 d6 3. Bb5+ Bd7 4. Bxd7+ Nxd7 5. O-O Ngf6 6. Qe2 e6 7. d4 cxd4 8.
Nxd4 Be7 9. c4 O-O 10. Nc3 a6 11. Be3 Rc8 12. Rac1 Qa5 13. f4 Qh5 14. Qxh5 Nxh5 15. b3 Nc5 16. Rcd1 Nf6 17. e5 Ng4 18. exd6 Nxe3 19.
dxe7 Rfe8 20. b4 Nxd1 21. Rxd1 Nd7 22. Nxe6 Rxe7 23. Nd4 Nf6 24. Nf5 Re6 25. c5 g6 26.
Nd6 Rd8 27. Rb1 b6 28. h3 bxc5 29. bxc5 Nd7 30. Nce4 Nxc5 31. Nxc5 Rexd6 32. Kh2 Re8 33. Rb7 Kg7 34. Ra7 Rc6 35. Nxa6 Re2 36. Nc7 Rcc2 37. a4 Rxg2+ 38. Kh1 Rh2+ 39. Kg1 Rcg2+ 40. Kf1 Ra2 41. Ne8+ Kf8 0-1

[Event "Late-Titled-Tuesday-Blitz-October-17-2023"]
[Site "Chess.com"]
[Date "2023.10.17"]
[Round "9"]
[White "lamomiajunior"]
[Black "Tomytoteph"]
[Result "1-0"]
[WhiteElo "2739"]
[BlackElo "2568"]
[TimeControl "180+1"]
[EndTime "15:39:53 PDT"]
[Termination "lamomiajunior won by resignation"]

1. d4 Nf6 2. c4 e6 3. Nc3 Bb4 4.
e3 O-O 5. Bd2 c5 6. a3 Bxc3 7.
Bxc3 Ne4 8. Ne2 Nxc3 9. Nxc3 cxd4 10. exd4 d5 11. c5 Nc6 12. Bb5 e5 13. dxe5 Be6 14.
Bxc6 bxc6 15. O-O a5 16. Qd4 Rb8 17. b4 Rb7 18. f4 g6 19. Rab1 axb4 20. axb4 Qd7 21.
Qd2 Ra8 22. Ne2 Bf5 23. Rb2 Rba7 24. Nd4 Be4 25. h3 Ra1 26. Rxa1 Rxa1+ 27. Kh2 h5 28. b5 cxb5 29. c6 Qc8 30. Rxb5 Ra4 31. Qb2 Kh7 32. e6 Qc7 33. Ne2 d4 34. Rb7 Qxc6 35. Rxf7+ Kg8 36. Qb8+ 1-0

[Event "Late-Titled-Tuesday-Blitz-October-17-2023"]
[Site "Chess.com"]
[Date "2023.10.17"]
[Round "9"]
[White "Rodalquilar"]
[Black "Siemba"]
[Result "0-1"]
[WhiteElo "2761"]
[BlackElo "2590"]
[TimeControl "180+1"]
[EndTime "15:39:55 PDT"]
[Termination "Siemba won on time"]

1. d4 Nf6 2. Nf3 g6 3. Bf4 Bg7 4. e3 O-O 5. Be2 d6 6. O-O Nh5 7. Bg5 h6 8. Bh4 g5 9. Nfd2 Nf4 10. exf4 gxh4 11. c3 e5 12. fxe5 dxe5 13. dxe5 Bxe5 14. Nc4 Qxd1 15. Rxd1 Bf6 16. Nbd2 Bf5 17. Ne3 Bg6 18. Nd5 Bd8 19. Nf3 Na6 20. Bxa6 bxa6 21. Nb4 a5 22. Nc6 Be4 23. Nfe5 Bf6 24. f3 Bf5 25. Rd4 Rfe8 26. Re1 Re6 27. Rf4 Bg6 28. Kf2 Rae8 29. Nd7 Bg5 30. Rxe6 Rxe6 31. Rc4 Bd3 32. Rc5 Be3+ 0-1

[Event "Late-Titled-Tuesday-Blitz-October-17-2023"]
[Site "Chess.com"]
[Date "2023.10.17"]
[Round "9"]
[White "ToddBryant"]
[Black "Elbebiber"]
[Result "1-0"]
[WhiteElo "2304"]
[BlackElo "2130"]
[TimeControl "180+1"]
[EndTime "15:40:01 PDT"]
[Termination "ToddBryant won on time"]

1. e4 d5 2. exd5 Nf6 3. Nf3 Nxd5 4.
d4 Bf5 5. c4 Nb6 6. Nc3 e6 7. Bd3 Bxd3 8. Qxd3 Be7 9. O-O O-O 10.
c5 Nd5 11. Qe4 c6 12. Be3 Nd7 13. Qg4 N7f6 14. Qh3 Re8 15. Ne5 Nxc3 16. bxc3 Nd5 17. c4 Nxe3 18. fxe3 Bf6 19. Qh5 g6 20. Qf3 Kg7 21.
Ng4 Bxd4 22. Qxf7+ Kh8 23. Rad1 1-0

[Event "Late-Titled-Tuesday-Blitz-October-17-2023"]
[Site "Chess.com"]
[Date "2023.10.17"]
[Round "9"]
[White "OLDTERMINATOR"]
[Black "Gyulamiryan-koryun"]
[Result "0-1"]
[WhiteElo "1643"]
[BlackElo "1951"]
[TimeControl "180+1"]
[EndTime "15:40:02 PDT"]
[Termination "Gyulamiryan-koryun won on time"]

1. e4 e5 2. Nf3 Nc6 3. Bc4 Nf6 4. Ng5 d5 5. exd5 Na5 6. Bb5+ c6 7. dxc6 bxc6 8. Be2 h6 9. Nf3 e4 10. Ne5 Bc5 11.
f4 exf3 12. Nxf3 Ng4 13. d4 Bb6 14. O-O O-O 15. h3 Nf6 16. c3 c5 17. Be3 Re8 18.
dxc5 Qxd1 19. Bxd1 Rxe3 20. cxb6 axb6 21. Re1 Nd5 22.
Nbd2 Ba6 23. Bb3 Rxe1+ 24. Rxe1 Nf4 25. Bc2 Bd3 26. Bxd3 Nxd3 27. Rb1 b5 28. Nd4 Rb8 29. b4 Nc4 30. N2b3 Na3 0-1

[Event "Late-Titled-Tuesday-Blitz-October-17-2023"]
[Site "Chess.com"]
[Date "2023.10.17"]
[Round "9"]
[White "GMKrikor"]
[Black "filipluczak05"]
[Result "1-0"]
[WhiteElo "2821"]
[BlackElo "2621"]
[TimeControl "180+1"]
[EndTime "15:40:08 PDT"]
[Termination "GMKrikor won by resignation"]

1. Nf3 g6 2. c4 Bg7 3. e4 c5 4. d4 cxd4 5. Nxd4 Nc6 6. Be3 Nf6 7.
Nc3 O-O 8. Be2 d6 9. O-O Bd7 10. Nc2 Rc8 11. Rc1 a6 12. h3 Be6 13.
b3 Qa5 14. Qe1 Rfd8 15. Bd2 Qb6 16. Nd5 Bxd5 17. exd5 Ne5 18. Be3 Qc7 19. f4 Ned7 20. Qf2 Ne4 21. Qf3 f5 22. Nd4 Bxd4 23. Bxd4 b5 24.
Qe3 bxc4 25. Bxc4 Qb7 26. Kh2 a5 27. g4 Ndf6 28. gxf5 gxf5 29. Rg1+ Kh8 30. Rg5 Rg8 31. Rxf5 Qb4 32. Rc2 Rg7 33. Bd3 Rxc2+ 34. Bxc2 Ng3 35. Rxf6 Qb8 36. Qxg3 1-0

[Event "Late-Titled-Tuesday-Blitz-October-17-2023"]
[Site "Chess.com"]
[Date "2023.10.17"]
[Round "9"]
[White "K_A_S_T_O_R"]
[Black "Hasangatin_Ramil"]
[Result "1-0"]
[WhiteElo "2872"]
[BlackElo "2718"]
[TimeControl "180+1"]
[EndTime "15:40:11 PDT"]
[Termination "K_A_S_T_O_R won by resignation"]

1. e4 d5 2. exd5 Qxd5 3. Nc3 Qd6 4. g3 Nf6 5. Bg2 c6 6. h3 g6 7. Nf3 Bg7 8. O-O O-O 9. Re1 c5 10. d3 Nc6 11. Bf4 Qd8 12. Ne5 Nxe5 13. Bxe5 Nd7 14. Bxg7 Kxg7 15. d4 e6 16. Ne4 c4 17. d5 e5 18. b3 Nb6 19. d6 Rb8 20. Nc5 Re8 21. Qd2 cxb3 22. axb3 a6 23. Rad1 Nd7 24. Ne4 b6 25. c4 Bb7 26. Nc3 Bxg2 27. Kxg2 a5 28. Nb5 Re6 29. Nc7 Rf6 30. Qd5 Qc8 31. Kg1 Qb7 32.
Ne8+ Kf8 33. Nxf6 Nxf6 34. Qxe5 1-0

[Event "Late-Titled-Tuesday-Blitz-October-17-2023"]
[Site "Chess.com"]
[Date "2023.10.17"]
[Round "9"]
[White "cassoulet"]
[Black "Alimpic"]
[Result "1-0"]
[WhiteElo "2789"]
[BlackElo "2528"]
[TimeControl "180+1"]
[EndTime "15:40:11 PDT"]
[Termination "cassoulet won by resignation"]

1. d4 g6 2. e4 c6 3. Nc3 d5 4. Nf3 dxe4 5. Nxe4 Nf6 6. Nxf6+ exf6 7. Bd3 Bg7 8. O-O O-O 9. h3 Re8 10. Bf4 Nd7 11.
Qd2 a5 12. Rfe1 Rxe1+ 13. Rxe1 Nb6 14. c4 Be6 15. b3 a4 16. Qb4 Bf8 17. Qc3 axb3 18.
axb3 Nd7 19. Bg3 Qa5 20. Qc1 Qa3 21. Qd1 Qb2 22. Bf1 Ra3 23. d5 cxd5 24. cxd5 Bf5 25. Nd4 Bc5 26. Re8+ Nf8 27. Nxf5 gxf5 28. d6 Ra1 29. Qd3 Qc1 30. d7 Bb6 31. Bd6 Kg7 1-0

[Event "Late-Titled-Tuesday-Blitz-October-17-2023"]
[Site "Chess.com"]
[Date "2023.10.17"]
[Round "9"]
[White "Lion_DL"]
[Black "tylityli"]
[Result "1-0"]
[WhiteElo "2445"]
[BlackElo "2331"]
[TimeControl "180+1"]
[EndTime "15:40:15 PDT"]
[Termination "Lion_DL won on time"]

1. e4 e5 2. f4 d5 3. exd5 exf4 4. Nf3 Nf6 5. Bc4 Nxd5 6. O-O Be7 7. Bxd5 Qxd5 8.
Nc3 Qd8 9. d4 g5 10. Re1 O-O 11. Qd3 Nc6 12. a3 Bg4 13. d5 Nb8 14. Ne5 Bh5 15. Bd2 Nd7 16. Qh3 Nf6 17. g3 fxg3 18.
hxg3 Bg6 19. Bxg5 Nxd5 20. Bxe7 Nxe7 21. Rad1 Qc8 22. Nd7 1-0

[Event "Late-Titled-Tuesday-Blitz-October-17-2023"]
[Site "Chess.com"]
[Date "2023.10.17"]
[Round "9"]
[White "leoduarte"]
[Black "talaicito"]
[Result "1-0"]
[WhiteElo "2392"]
[BlackElo "2230"]
[TimeControl "180+1"]
[EndTime "15:40:18 PDT"]
[Termination "leoduarte won by checkmate"]

1. d4 e6 2. c4 f5 3. Nc3 Nf6 4. a3 b6 5. Bf4 Bb7 6. e3 g6 7.
Nf3 Bg7 8. h4 h6 9. Be2 Nc6 10.
Qd2 Ne7 11. O-O-O Ne4 12. Nxe4 Bxe4 13. Ne5 d6 14. Nf3 O-O 15. h5 g5 16. Bxg5 hxg5 17. Nxg5 Qd7 18. f3 Bb7 19. e4 Bh6 20. Kb1 fxe4 21.
fxe4 Bxe4+ 22. Ka1 Nf5 23. Qf4 d5 24. Qg4 Kh8 25.
Nxe4 Ne3 26. Qg6 Qg7 27. Qxg7+ Kxg7 28. Nc3 Nxd1 29. Nxd1 dxc4 30. Bxc4 Rf4 31. Bxe6 Rxd4 32. Nc3 Re8 33. Bf5 Re3 34. g4 Rd2 35. Rg1 Bg5 36.
Bg6 Kh6 37. Rf1 Rg3 38. Rf7 Rxg4 39. Rh7# 1-0

[Event "Late-Titled-Tuesday-Blitz-October-17-2023"]
[Site "Chess.com"]
[Date "2023.10.17"]
[Round "9"]
[White "maurovargas01"]
[Black "protectiago"]
[Result "0-1"]
[WhiteElo "1901"]
[BlackElo "2080"]
[TimeControl "180+1"]
[EndTime "15:40:22 PDT"]
[Termination "protectiago won by checkmate"]

1. e4 e5 2. Nf3 Nc6 3. d4 exd4 4. Bc4 Bc5 5. O-O Nf6 6. e5 d5 7. exf6 dxc4 8. Re1+ Be6 9. Ng5 gxf6 10. Nxe6 fxe6 11. Qh5+ Kd7 12. Qxc5 Qe7 13. Qxc4 Rag8 14. Bf4 e5 15.
Qd5+ Kc8 16. Bg3 h5 17. f4 h4 18. Bf2 Qg7 19. fxe5 fxe5 20. Nd2 Rh6 21. Nc4 Rg6 22. g3 hxg3 23. Bxg3 Rxg3+ 24. hxg3 Qxg3+ 25. Kf1 Nb4 26. Qe6+ Kb8 27. Qxe5 Qg2# 0-1

[Event "Late-Titled-Tuesday-Blitz-October-17-2023"]
[Site "Chess.com"]
[Date "2023.10.17"]
[Round "9"]
[White "Heinza9"]
[Black "Kostukov_Alex"]
[Result "0-1"]
[WhiteElo "2323"]
[BlackElo "2414"]
[TimeControl "180+1"]
[EndTime "15:40:23 PDT"]
[Termination "Kostukov_Alex won on time"]

1. e4 c5 2. Nf3 g6 3. c3 Bg7 4. d4 cxd4 5. cxd4 d5 6. e5 Nc6 7.
Nc3 Bg4 8. Be2 Nh6 9. h3 Bxf3 10. Bxf3 Nf5 11. Bxd5 Nfxd4 12. f4 Qb6 13. Be3 Nc2+ 14. Qxc2 Qxe3+ 15. Qe2 Qxf4 16. Rf1 Qg3+ 17. Rf2 O-O 18. Bxc6 bxc6 19. O-O-O Bxe5 20. Ne4 Qh4 21. Rd7 Rab8 22.
b3 a5 23. Nd2 Bf4 24. Rd4 Bxd2+ 25. Qxd2 Qg3 26. Rf3 Qe5 27. Re3 Qf6 28. Rf3 Qe5 29. Re3 Qc7 30. Rd7 Qb6 31. Rexe7 a4 32. b4 Qxb4 33. Qxb4 Rxb4 34. Rc7 Rc4+ 35. Kb2 h5 36. Ka3 h4 0-1

[Event "Late-Titled-Tuesday-Blitz-October-17-2023"]
[Site "Chess.com"]
[Date "2023.10.17"]
[Round "9"]
[White "Mikhail_Golubev"]
[Black "Cristi_Coca"]
[Result "1-0"]
[WhiteElo "2557"]
[BlackElo "2372"]
[TimeControl "180+1"]
[EndTime "15:40:25 PDT"]
[Termination "Mikhail_Golubev won by resignation"]

1. e4 c5 2. Nf3 e6 3. d4 cxd4 4. Nxd4 a6 5. Bd3 Bc5 6. Be3 Qc7 7. Qg4 Kf8 8. O-O Nf6 9. Qe2 b5 10. a4 bxa4 11. Rxa4 Be7 12. Rc4 Qb7 13. e5 Nd5 14. Be4 Nc6 15. Nxc6 dxc6 16. b3 Bd7 17. Bc5 Bxc5 18.
Rxc5 Ke7 19. Nd2 Qb6 20. Qc4 Rhd8 21. Bxh7 g6 22. Qh4+ Ke8 23. Ne4 Bc8 24. c4 Qxb3 25. cxd5 Rxd5 26. Nf6+ Kf8 27. Nxd5 exd5 28. Rxc6 Be6 29.
Bxg6 1-0

[Event "Late-Titled-Tuesday-Blitz-October-17-2023"]
[Site "Chess.com"]
[Date "2023.10.17"]
[Round "9"]
[White "TheMagician"]
[Black "DvaHrasta"]
[Result "0-1"]
[WhiteElo "2215"]
[BlackElo "2497"]
[TimeControl "180+1"]
[EndTime "15:40:27 PDT"]
[Termination "DvaHrasta won on time"]

1. d4 Nf6 2. Nf3 e6 3. g3 d5 4.
Bg2 Be7 5. c4 O-O 6. Qc2 a6 7.
Bf4 dxc4 8. Qxc4 Nd5 9. O-O b5 10. Qc1 Bb7 11. Nc3 Nxf4 12. Qxf4 Nd7 13. Rfd1 Nf6 14.
Rac1 Rc8 15. Ne5 Bxg2 16. Kxg2 Nd5 17. Qf3 c6 18. Nxd5 cxd5 19. Nc6 Qd6 20. Nxe7+ Qxe7 21. Qb3 Rc4 22. Rxc4 dxc4 23. Qc3 Rc8 24. a3 Qb7+ 25. f3 Qb6 26. e4 a5 27. d5 b4 28. axb4 axb4 29. Qc1 c3 30. dxe6 Qxe6 31. bxc3 h6 32. Rd3 Qc4 33. Qc2 bxc3 34. Rd7 Rb8 35. e5 g6 0-1